 Dungeon Crawl Stone Soup version 0.21-a0-156-g77413b7 (webtiles) character file.

4456 Manul the Martial Artist (level 10, -8/73 (74) HPs)
             Began as a Demonspawn Monk on Aug 4, 2017.
             Was an Initiate of Gozag.
             Mangled by an orc warrior
             ... wielding a +0 dire flail
              (12 damage)
             ... on level 9 of the Dungeon.
             The game lasted 00:14:55 (11438 turns).

Manul the Martial Artist (Demonspawn Monk)         Turns: 11438, Time: 00:14:56

HP:   -8/73 (74)    AC: 20    Str: 11      XL:     10   Next: 15%
MP:   9/9           EV:  7    Int: 10 (12) God:    Gozag
Gold: 804           SH:  0    Dex: 18 (19) Spells: 7/9 levels left

rFire    . . .     SeeInvis .     - Unarmed
rCold    + . .     Gourm    .   (no shield)
rNeg     . . .     Faith    .   M - +4 chain mail of Inevitability {rElec rC+}
rPois    .         Spirit   .   H - +1 hat
rElec    +         Reflect  .   (no cloak)
rCorr    .         Harm     +   o - +0 pair of gloves
MR       .....                  (no boots)
Stlth    ..........             f - amulet of harm
HPRegen  0.22/turn              (no ring)
MPRegen  0.11/turn              E - +2 ring of protection

@: no status effects
A: antennae 2, thin metallic scales 2, demonic guardian 2, deterioration 1, low
mp 1, wild magic 1
a: Potion Petition, Call Merchant, Bribe Branch, Renounce Religion


You were on level 9 of the Dungeon.
You worshipped Gozag.
Gozag was pleased with you.
You were near starving.

You visited 2 branches of the dungeon, and saw 10 of its levels.

You collected 1796 gold pieces.
You spent 438 gold pieces at shops.
You paid 554 gold pieces to Gozag.

Inventory:

Hand Weapons
 h - a +0 short sword of electrocution
Armour
 o - a +0 pair of gloves (worn)
 z - the +1 robe "Pogupaj" {rElec Int+8 Stlth-}
   (You found it on level 5 of the Dungeon)

   It affects your intelligence (+8).
   It insulates you from electricity.
   It makes you less stealthy.
 B - a +2 robe of magic resistance
 H - a +1 hat (worn)
 M - the +4 chain mail of Inevitability (worn) {rElec rC+}
   (You bought it in a shop on level 9 of the Dungeon)

   It protects you from cold.
   It insulates you from electricity.
Jewellery
 e - an uncursed ring of stealth
 f - an amulet of harm (around neck)
 q - an uncursed ring of wizardry
 E - a +2 ring of protection (right hand)
Wands
 b - a wand of iceblast (5/15)
 c - a wand of confusion (0/48)
 g - a wand of flame (18/48)
 p - a wand of disintegration (20/24)
 r - a wand of flame (20/48)
 J - a wand of random effects (14/48)
 K - a wand of disintegration (16/24)
Scrolls
 l - 2 scrolls of enchant weapon {unknown}
 n - a scroll of blinking {unknown}
 s - a scroll of amnesia
 t - a scroll of fear
 v - 4 scrolls of remove curse
 w - 6 scrolls of teleportation {unknown}
 x - 2 scrolls of identify
 y - a scroll of fog {unknown}
 I - a scroll of recharging
Potions
 k - a potion of heal wounds
 m - 2 potions of brilliance
 u - 3 potions of cancellation
 A - a potion of haste {unknown}
 F - a potion of lignification {unknown}
Books
 j - a book of Cantrips

   Spells                             Type                      Level
   a - Confusing Touch                Hexes                        1
   b - Animate Skeleton               Necromancy                   1
   c - Summon Small Mammal            Summoning                    1
   d - Apportation                    Translocation                1
 C - a book of Debilitation

   Spells                             Type                      Level
   a - Corona                         Hexes                        1
   b - Slow                           Hexes                        2
   c - Inner Flame                    Hexes/Fire                   3
   d - Portal Projectile              Hexes/Translocation          3
   e - Cause Fear                     Hexes                        4
   f - Leda's Liquefaction            Hexes/Earth                  4
 G - a book of Necromancy

   Spells                             Type                      Level
   a - Pain                           Necromancy                   1
   b - Animate Skeleton               Necromancy                   1
   c - Vampiric Draining              Necromancy                   3
   d - Regeneration                   Charms/Necromancy            3
   e - Animate Dead                   Necromancy                   4
   f - Control Undead                 Necromancy                   4
Comestibles
 d - 5 royal jellies
 D - 3 fruits
 L - a bread ration


   Skills:
 + Level 5.2 Fighting
 * Level 3.5 Armour
 + Level 6.0 Dodging
 - Level 5.5 Stealth
 * Level 10.4 Unarmed Combat
 + Level 1.1 Evocations


You had 7 spell levels left.
You knew the following spells:

 Your Spells              Type           Power        Failure   Level  Hunger
a - Confusing Touch       Hex            #.....       100%        1    ##.....
b - Corona                Hex            #......      100%        1    ##.....


Dungeon Overview and Level Annotations

Branches:
Dungeon (9/15)             Temple (1/1) D:4
   Lair: D:8-11         Orc: D:9-12

Altars:
Ashenzari
Cheibriados
Dithmenos
Elyvilon
Fedhas
Gozag
Hepliaklqana
Kikubaaqudgha
Makhleb
Nemelex Xobeh
Okawaru
Qazlal
Ru
Sif Muna
Trog
Uskayaw
Vehumet
Wu Jian
Xom
Yredelemnul
Zin
The Shining One

Shops:
D:4 :   D:7 *   D:9 [


Innate Abilities, Weirdness & Mutations

You have a pair of antennae on your head.
You are mostly covered in thin metallic scales. (AC +3)
A demonic guardian rushes to your aid.
Your body sometimes deteriorates upon taking damage.
Your magical capacity is low. (-10% MP)
Your spells are a little harder to cast, but a little more powerful.


Message History

The orc warrior barely misses you.
An orc comes into view. It is wielding a falchion.
You closely miss the orc warrior.
The orc warrior is lightly wounded.
The orc hits you with a falchion.
* * * LOW HITPOINT WARNING * * *
The orc warrior barely misses you.
You hit the orc warrior.
The orc warrior is heavily wounded.
You hit the orc warrior but do no damage.
The orc warrior is heavily wounded.
The orc warrior hits you with a dire flail!
* * * LOW HITPOINT WARNING * * *
You completely miss the orc warrior.
The orc warrior is heavily wounded.
The orc hits you with a falchion.
* * * LOW HITPOINT WARNING * * *
The orc warrior hits you with a dire flail!
You die...
Your body crumbles into a pile of gold.

..#. ..#. ... #.. ##
## ## ####..
#$.#$###
#$#####$.#..
#$$#$####...#.###.=.
$
$#.$.($##...##((...
$ $
#@o###..#.#.)#)#.. $
$#$.o#.#
#####...#.#..
###o.## ##......#..
### #...##.##.. $
#.$.##...#.#.. #..#
#.#.#.#.. #.#.
##.##.#.. # .$ #.
##### $ $ $$ ###


You could see an orc warrior and 2 orcs.

Vanquished Creatures
  A two-headed ogre (D:8)
  The ghost of Nehle the Chopper, an amateur MiBe of Trog (D:3)
  Duvessa (D:6)
  2 orc warriors
  3 slaves
  An ogre (D:6)
  2 necrophages
  A sky beast (D:5)
  3 centaurs
  6 bullfrogs
  A big kobold (D:8)
  Dowan (D:6)
  A scorpion (D:6)
  4 howler monkeys
  3 crimson imps
  2 bullfrog zombies
  A centaur zombie (D:8)
  7 hounds
  A centaur skeleton (D:5)
  3 orc priests
  A bullfrog skeleton (D:4)
  Ijyb (D:3)
  9 orc wizards
  5 worker ants
  A hound zombie (D:7)
  A hound skeleton (D:8)
  Robin (D:2)
  8 gnolls
  9 adders
  A howler monkey skeleton (D:6)
  2 shadow imps
  An adder zombie (D:5)
  An adder skeleton (D:6)
  A worm (D:5)
  5 dart slugs
  5 leopard geckos
  44 orcs
  4 ball pythons
  2 giant cockroaches (D:3)
  8 hobgoblins
  11 jackals
  3 quokkas
  7 bats
  4 frilled lizards
  11 goblins (D:1)
  16 kobolds
  A leopard gecko zombie (D:7)
  8 rats
216 creatures vanquished.

Vanquished Creatures (collateral kills)
  Pikel (D:4)
  A troll (D:9)
  A hippogriff (D:7)
  An orc warrior (D:8)
  A phantom (D:8)
  A slave (D:4)
  A necrophage (D:7)
  A howler monkey (D:8)
  A hound (D:9)
  An orc priest (D:6)
  2 orc wizards (D:7)
  An iguana (D:5)
  A leopard gecko (D:5)
  3 orcs (D:7)
17 creatures vanquished.

Grand Total: 233 creatures vanquished

Notes
Turn   | Place    | Note
-------+----------+-------------------------------------------
     0 | D:1      | Manul the Demonspawn Monk began the quest for the Orb.
     0 | D:1      | Reached XP level 1. HP: 18/18 MP: 1/1
   756 | D:1      | Reached skill level 3 in Unarmed Combat
   767 | D:1      | Gained mutation: You are partially covered in thin metallic scales. (AC +2) [demonic ancestry]
   767 | D:1      | Reached XP level 2. HP: 11/24 MP: 2/2
  1376 | D:1      | Gained mutation: You have a pair of small antennae on your head. [demonic ancestry]
  1376 | D:1      | Reached XP level 3. HP: 29/29 MP: 3/3
  1912 | D:2      | Noticed Robin
  2159 | D:2      | Gained mutation: You have a pair of antennae on your head. [demonic ancestry]
  2159 | D:2      | Reached XP level 4. HP: 20/35 MP: 4/4
  2215 | D:1      | Gained mutation: You have sharp toenails. [potion of mutation]
  2215 | D:1      | Gained mutation: You evolve. [potion of mutation]
  2501 | D:2      | Killed Robin
  2701 | D:2      | Found a stormy altar of Qazlal.
  2874 | D:3      | Noticed Ijyb
  2877 | D:3      | Killed Ijyb
  3027 | D:3      | Learned a level 1 spell: Confusing Touch
  3057 | D:3      | Reached XP level 5. HP: 33/41 MP: 5/5
  3115 | D:3      | Noticed Nehle's ghost (amateur MiBe)
  3140 | D:3      | Killed Nehle's ghost
  3140 | D:3      | Gained mutation: A weak demonic guardian rushes to your aid. [demonic ancestry]
  3140 | D:3      | Reached XP level 6. HP: 30/48 MP: 6/6
  3401 | D:3      | Lost mutation: You have sharp toenails. [potion of mutation]
  3401 | D:3      | Lost mutation: You evolve. [potion of mutation]
  3401 | D:3      | Gained mutation: You are resistant to hostile enchantments. (MR+) [potion of mutation]
  3401 | D:3      | Gained mutation: You are robust. (+10% HP) [potion of mutation]
  3401 | D:3      | Gained mutation: Your mind is acute. (Int +2) [potion of mutation]
  3401 | D:3      | Gained mutation: Your muscles are strong. (Str +2) [potion of mutation]
  3402 | D:3      | Lost mutation: Your mind is acute. (Int +2) [potion of mutation]
  3402 | D:3      | Lost mutation: You are robust. (+10% HP) [potion of mutation]
  3402 | D:3      | Gained mutation: You expend magic power (3 MP) to strengthen your wands. [potion of mutation]
  3402 | D:3      | Gained mutation: You possess an exceptional clarity of mind. [potion of mutation]
  3832 | D:4      | Found a staircase to the Ecumenical Temple.
  3869 | Temple   | Entered the Ecumenical Temple
  4006 | Temple   | Became a worshipper of Gozag Ym Sagoz the Greedy
  4250 | D:4      | Found Aqovi's Book Emporium.
  4289 | D:4      | Found a snail-covered altar of Cheibriados.
  4317 | D:4      | Reached skill level 1 in Armour
  4748 | D:5      | Entered Level 5 of the Dungeon
  4756 | D:5      | Reached skill level 5 in Stealth
  4756 | D:5      | Reached skill level 4 in Unarmed Combat
  4756 | D:5      | Reached XP level 7. HP: 36/54 MP: 7/7
  4759 | D:5      | Got a heavy robe
  4772 | D:5      | Identified the cursed +1 robe "Pogupaj" {rElec Int+8 Stlth-} (You found it on level 5 of the Dungeon)
  5219 | D:5      | Noticed Pikel
  5948 | D:4      | Killed Pikel
  5948 | D:4      | Gained mutation: You are mostly covered in thin metallic scales. (AC +3) [demonic ancestry]
  5948 | D:4      | Reached XP level 8. HP: 19/61 MP: 2/8
  6785 | D:5      | Reached skill level 5 in Unarmed Combat
  7300 | D:6      | You fall through a shaft!
  7785 | D:6      | Reached skill level 6 in Unarmed Combat
  7790 | D:6      | Noticed Dowan
  7792 | D:6      | Noticed Duvessa
  7811 | D:6      | Killed Duvessa
  7811 | D:6      | Reached skill level 5 in Dodging
  7812 | D:6      | Killed Dowan
  7812 | D:6      | Reached skill level 5 in Fighting
  8053 | D:6      | Found a hazy altar of Hepliaklqana.
  8073 | D:5      | Found a sacrificial altar of Ru.
  8178 | D:6      | Reached skill level 7 in Unarmed Combat
  8267 | D:6      | Learned a level 1 spell: Corona
  8530 | D:7      | Found Anaimoki's Assorted Antiques.
  8544 | D:7      | Bought a scroll of remove curse for 72 gold pieces
  8544 | D:7      | Bought a ring of protection for 48 gold pieces
  8544 | D:7      | Bought a scroll labeled HARINT LAH KIWK for 24 gold pieces
  8739 | D:7      | Reached XP level 9. HP: 67/67 MP: 9/9
  9083 | D:8      | Lost mutation: You are resistant to hostile enchantments. (MR+) [potion of mutation]
  9083 | D:8      | Lost mutation: Your muscles are strong. (Str +2) [potion of mutation]
  9083 | D:8      | Gained mutation: You are robust. (+10% HP) [potion of mutation]
  9084 | D:8      | Lost mutation: You possess an exceptional clarity of mind. [potion of mutation]
  9084 | D:8      | Lost mutation: You expend magic power (3 MP) to strengthen your wands. [potion of mutation]
  9084 | D:8      | Lost mutation: You are robust. (+10% HP) [potion of mutation]
  9084 | D:8      | Gained mutation: Your magical capacity is low. (-10% MP) [potion of mutation]
  9084 | D:8      | Gained mutation: Your body sometimes deteriorates upon taking damage. [potion of mutation]
  9084 | D:8      | Gained mutation: Your spells are a little harder to cast, but a little more powerful. [potion of mutation]
  9129 | D:8      | Reached skill level 8 in Unarmed Combat
  9207 | D:8      | Noticed a two-headed ogre
  9232 | D:8      | Killed a two-headed ogre
  9232 | D:8      | Reached skill level 9 in Unarmed Combat
  9430 | D:8      | Reached skill level 1 in Evocations
  9570 | D:8      | Found an iron altar of Okawaru.
  9573 | D:8      | Found a deep blue altar of Sif Muna.
  9576 | D:8      | Found a shimmering altar of Xom.
 10745 | D:7      | Reached skill level 10 in Unarmed Combat
 10745 | D:7      | Gained mutation: A demonic guardian rushes to your aid. [demonic ancestry]
 10745 | D:7      | Reached XP level 10. HP: 72/73 MP: 9/9
 10897 | D:9      | Noticed a green ugly thing
 10932 | D:9      | Bought a brightly glowing chain mail for 294 gold pieces
 10942 | D:9      | Identified the +4 chain mail of Inevitability {rElec rC+} (You bought it in a shop on level 9 of the Dungeon)
 11438 | D:9      | Mangled by an orc warrior

Vault maps used:
D:1:      sevenhm_arrival_forest_fort_large_2
D:2:      lemuel_doored_altar, first_bread, minmay_shallow_snake_nest,
          uniq_robin
D:3:      uniq_ijyb
D:4:      marbit_many_paths, minmay_temple_entry_mist, serial_shops, shop
D:5:      lemuel_upstairs_altar, uniq_pikel
D:6:      lemuel_crystal_altar, grunt_decor_one_mirror, kennysheep_small_spiral,
          uniq_duvessa
D:7:      serial_shops, shop_coins
D:8:      grunt_temple_overflow_diamond
D:9:      minmay_goldmine, erik_lair_island, grunt_livestock, uniq_erolcha
Temple:   nicolae_temple_elliptical

Skill      XL: |  1  2  3  4  5  6  7  8  9 10 |
---------------+-------------------------------+-----
Unarmed Combat | 3 4 7 10 | 10.4
Dodging        | 3 4 5 6 |  6.0
Stealth        | 2 3 4 5 |  5.5
Armour         | 1 2 3 |  3.5
Fighting       | 4 5 |  5.2
Evocations     | 1 |  1.1

Action                   |  1- 3 |  4- 6 |  7- 9 | 10-12 || total
-------------------------+-------+-------+-------+-------++-------
Melee: Unarmed           |    61 |       |   419 |    99 ||   579
       Short sword       |    51 |   158 |    80 |       ||   289
       Kick              |       |     9 |       |       ||     9
       Punch             |       |     1 |    15 |     2 ||    18
Invok: Call Merchant     |       |       |       |     1 ||     1
Evoke: Wand              |       |       |    11 |       ||    11
  Use: Scroll            |       |     5 |     9 |     1 ||    15
       Potion            |       |     6 |     5 |       ||    11
 Stab: Sleeping          |     4 |    15 |    10 |       ||    29
       Distracted        |       |     1 |     6 |       ||     7
       Confused          |       |       |     5 |       ||     5
  Eat: Chunk             |     4 |     6 |       |       ||    10
       Bread ration      |       |     1 |     2 |       ||     3
       Meat ration       |       |       |     1 |       ||     1
       Royal jelly       |       |       |     1 |     1 ||     2
Armor: Robe              |    36 |    15 |    92 |    15 ||   158
       Leather armour    |       |    27 |    62 |       ||    89
       Chain mail        |       |       |       |    40 ||    40
Dodge: Dodged            |   102 |   113 |   367 |    36 ||   618
